 Dungeon Sprint DCSS version 0.30-a0-779-g7971cf19c3 (webtiles) character file.

Game seed: 10582313288950893178

3292 dialectric the Basher (level 10, -36/73 HPs)
             Began as a Gargoyle Fighter on Feb 17, 2023.
             Killed from afar by a crystal guardian (52 damage)
             ... with a crystal bolt
             ... in the Dungeon (Sprint II: "The Violet Keep of Menkaure").
             The game lasted 00:03:14 (621 turns).

dialectric the Basher (Gargoyle Fighter)             Turns: 621, Time: 00:03:15

Health: -36/73     AC: 20    Str: 25    XL:     10   Next: 1%
Magic:  10/10      EV: 13    Int:  8    God:
Gold:   98         SH:  0    Dex:  9    Spells: 9/9 levels left

rFire   . . .      SeeInvis .    a - +0 flail
rCold   . . .      Faith    .    (no shield)
rNeg    + + .      Spirit   .    k - +9 Cigotuvi's embrace {Corpsefed rMiasma Drain rN+}
rPois   ∞          Reflect  .    (no helmet)
rElec   +          Harm     .    (no cloak)
rCorr   .          Rampage  .    (no gloves)
Will    .....      NoTele   +    (no boots)
Stlth   +                        (no amulet)
HPRegen 0.32/turn                (no ring)
MPRegen 0.12/turn                (no ring)

@: no status effects
A: sickness immunity, AC +7, negative energy resistance 1, electricity
resistance, torment resistance 1, petrification resistance
a: no special abilities


You were in the Dungeon.
You visited 1 branch You collected 810 gold pieces.
You spent 712 gold pieces at shops.

Inventory:

Hand Weapons
 a - a +0 flail (weapon)
Missiles
 d - 2 poisoned darts (quivered)
Armour
 b - a +0 scale mail
 c - a +0 buckler
 k - the +9 Cigotuvi's embrace (worn) {Corpsefed rMiasma Drain rN+}
   (You bought it in a shop in the Dungeon)

   Corpsefed: It gathers nearby corpses to temporarily increase the armour it
   provides.
   rMiasma:   It protects you from foul pestilence.
   rN:        It protects you from negative energy.
   Drain:     It drains your maximum health when unequipped.
Scrolls
 i - a scroll of identify {unknown}
 j - 2 scrolls of blinking
Potions
 g - a potion of haste
 h - 2 potions of magic


   Skills:
 + Level 13.4 Fighting
 + Level 14.0 Maces & Flails
 + Level 11.8 Armour
 - Level 7.1 Dodging
 - Level 3.2 Shields


You had 9 spell levels left.
You didn't know any spells.
Your spell library was empty.

Dungeon Overview and Level Annotations

Branches:
Dungeon (1/1)

Altars:
Cheibriados
Dithmenos
Elyvilon
Fedhas
Hepliaklqana
Kikubaaqudgha
Makhleb
Qazlal
Ru
Sif Muna
Trog
Wu Jian
Xom
Jiyva
Lugonu

Shops:
D :=(![?([=(==:!?

Annotations:
D exclusions: oklob plant and orange crystal statue


Innate Abilities, Weirdness & Mutations

You are immune to sickness and miasma.
Your stone body is resilient. (AC +7)
You are immune to poison.
You resist negative energy. (rN+)
You are resistant to electric shocks. (rElec)
You are resistant to unholy torment.
You are immune to petrification.


Message History

You sock the death drake!
The death drake is heavily wounded.
The death drake misses you.
You closely miss the death drake.
The death drake is heavily wounded.
The death drake barely misses you.
You miss the death drake.
The death drake is heavily wounded.
The death drake misses you.
You hit the death drake.
The death drake is heavily wounded.
The death drake bites you but does no damage.
You sock the death drake!
The death drake is severely wounded.
The death drake bites you but does no damage.
You sock the death drake!
The death drake is almost dead.
The death drake closely misses you.
You hit the death drake.
The death drake is almost dead.
The death drake misses you.
You closely miss the death drake.
The death drake is almost dead.
The death drake barely misses you.
You sock the death drake!
You kill the death drake!
Your Maces & Flails skill increases to level 14!
You have reached level 10!
You hit the crystal guardian but do no damage.
You thump the crystal guardian!
The crystal guardian is moderately damaged.
The crystal guardian fires a crystalline bolt at you.
The crystal bolt misses you.
You hit the crystal guardian but do no damage.
The crystal guardian is lightly damaged.
A chunk of your corpse armour falls away.
The crystal guardian fires a crystalline bolt at you.
The crystal bolt freezes you!!!
Ouch! That really hurt!
You die...

## ≈≈≈≈§ ...# ~#+++#+++##
.^^# ~.........# ..# #
~~.##'##..# ####.# .#
~~##...##.####..J.##.#
~~#..#..#....# #...#
####.#.####..#####..#
#.###'## .##..#..9..#
..###.##B..#..#.@#..# #
##.'.<.+# +..####..##.#
..###.##...#.§..###...##▓▓
#.###'## .##....§.~~~~~~~~~
####.).## #~~.....~#+######
~~#..#..#~~§~§§§..~#.._....
#~##...##~§~~§~§§§~#._._...
#~~##+##~~~≈≈≈~§~~~#_._._..
# ~~~ ~~~§~≈≈≈≈§~~#._._._.


You could see a crystal guardian.

Vanquished Creatures
  A boulder beetle (D)
  2 death drakes (D)
  A merfolk siren (D)
  2 slime creatures (D)
  2 wyverns (D)
  Menkaure (D)
  A water moccasin (D)
  A swamp drake (D)
  4 necrophages (D)
  5 scorpions (D)
20 creatures vanquished.

Vanquished Creatures (others)
  A swamp drake (D)
1 creature vanquished.

Grand Total: 21 creatures vanquished

Notes
Turn   | Place    | Note
-------+----------+-------------------------------------------
     0 | D        | dialectric the Gargoyle Fighter began the quest for the
                  | Orb.
     0 | D        | Reached XP level 1. HP: 14/14 MP: 1/1
     8 | D        | Noticed a necrophage
     8 | D        | Noticed a necrophage
     8 | D        | Noticed a necrophage
     8 | D        | Noticed a necrophage
    11 | D        | Killed a necrophage
    12 | D        | Reached skill level 3 in Maces & Flails
    12 | D        | Reached XP level 2. HP: 23/23 MP: 2/2
    12 | D        | Reached XP level 3. HP: 28/28 MP: 3/3
    12 | D        | Reached XP level 4. HP: 32/32 MP: 4/4
    16 | D        | Killed a necrophage
    17 | D        | Reached skill level 4 in Maces & Flails
    17 | D        | Reached XP level 5. HP: 35/38 MP: 5/5
    23 | D        | Reached skill level 5 in Maces & Flails
    29 | D        | Reached XP level 6. HP: 43/45 MP: 6/6
    30 | D        | Noticed a boulder beetle
    30 | D        | Noticed a boulder beetle
    33 | D        | Noticed a merfolk siren
    39 | D        | Killed a merfolk siren
    40 | D        | Reached skill level 10 in Fighting
    40 | D        | Reached skill level 7 in Maces & Flails
    40 | D        | Reached XP level 7. HP: 53/53 MP: 7/7
    45 | D        | Reached skill level 10 in Armour
    45 | D        | Reached skill level 5 in Dodging
    52 | D        | Reached skill level 8 in Maces & Flails
    59 | D        | Found Picamn's Distillery.
    60 | D        | Found Xufas's Jewellery Shoppe.
    60 | D        | Found Yferuymi's Antique Armour Emporium.
    60 | D        | Found Voyfer's Antique Armour Shoppe.
    60 | D        | Found Juemipha's Antique Weapon Shoppe.
    60 | D        | Found Amamit's Jewellery Shoppe.
    60 | D        | Found Pouzesio's Distillery.
    60 | D        | Found Hoz Nish's Book Shoppe.
    60 | D        | Found Suplorph's Magic Scroll Shoppe.
    60 | D        | Found Ofes's Weapon Emporium.
    61 | D        | Found Feuf Atu's Jewellery Shoppe.
    61 | D        | Found Tiybluz's Magic Scroll Emporium.
    61 | D        | Found Ocroag's Weapon Shoppe.
    61 | D        | Found Calefire's Jewellery Emporium.
    75 | D        | Reached XP level 8. HP: 60/60 MP: 8/8
    84 | D        | Noticed Menkaure
    84 | D        | Noticed an oklob plant
    85 | D        | Found Pecung's Book Shoppe.
    85 | D        | Noticed a death yak
   102 | D        | Killed Menkaure
   118 | D        | Noticed an orange crystal statue
   149 | D        | Bought the +4 Cigotuvi's embrace {Corpsefed rMiasma Drain
                  | rN+} for 607 gold pieces
   149 | D        | Found the +4 Cigotuvi's embrace {Corpsefed rMiasma Drain
                  | rN+}
   180 | D        | Noticed a shining eye
   187 | D        | Bought a scroll of blinking for 105 gold pieces
   207 | D        | Reached skill level 9 in Maces & Flails
   235 | D        | Killed a boulder beetle
   236 | D        | Reached skill level 10 in Maces & Flails
   236 | D        | Reached XP level 9. HP: 36/65 MP: 9/9
   334 | D        | Found a stormy altar of Qazlal.
   335 | D        | Found a hazy altar of Hepliaklqana.
   335 | D        | Found a sacrificial altar of Ru.
   335 | D        | Found an ornate altar of the Wu Jian Council.
   336 | D        | Found a viscous altar of Jiyva.
   336 | D        | Found a shimmering blue altar of Sif Muna.
   336 | D        | Found a shimmering altar of Xom.
   337 | D        | Found a snail-covered altar of Cheibriados.
   337 | D        | Found an ancient bone altar of Kikubaaqudgha.
   337 | D        | Found a bloodstained altar of Trog.
   338 | D        | Found a shadowy altar of Dithmenos.
   338 | D        | Found a corrupted altar of Lugonu.
   339 | D        | Found a white marble altar of Elyvilon.
   339 | D        | Found a burning altar of Makhleb.
   340 | D        | Found a blossoming altar of Fedhas.
   350 | D        | Reached skill level 11 in Maces & Flails
   419 | D        | Reached skill level 12 in Maces & Flails
   571 | D        | Noticed a death drake
   578 | D        | Noticed a crystal guardian
   591 | D        | Noticed a death drake
   602 | D        | Killed a death drake
   603 | D        | Reached skill level 13 in Maces & Flails
   618 | D        | Killed a death drake
   619 | D        | Reached skill level 14 in Maces & Flails
   619 | D        | Reached XP level 10. HP: 15/73 MP: 10/10
   621 | D        | Killed from afar by a crystal guardian

Illustrated notes

Levels and vault maps discovered:
D:        the_violet_keep_of_menkaure [sprint2_stairs_cluster_1,
          sprint2_shoproom, sprint2_temple, sprint2_basic_supplies,
          sprint2_obstacle_5, sprint2_obstacle_1, sprint2_obstacle_4,
          sprint2_obstacle_6, sprint2_obstacle_3, sprint2_timed_cluster_1,
          sprint2_smallroom_cluster_1, sprint2_smallroom_final_cluster_1,
          sprint2_transparent_cluster_1, sprint2_second_timed_cluster_1,
          sprint2_sniper_area_1, sprint2_heavy_combat_area_1,
          sprint2_mutation_trap_area_1, sprint2_forest_area_1,
          sprint2_light_combat_area_1, sprint2_behind_water_1,
          sprint2_near_end_vault_1]

Skill      XL: |  1  2  3  4  5  6  7  8  9 |
---------------+----------------------------+-----
Fighting       | 6 7 8 10 11 12 13 | 13.4
Maces & Flails | 3 4 5 7 8 10 14 | 14.0
Armour         | 6 7 8 9 10 11 | 11.8
Dodging        | 2 4 5 6 7 |  7.1
Shields        | |  3.2

Action                     |  1- 3 |  4- 6 |  7- 9 | 10-12 || total
---------------------------+-------+-------+-------+-------++-------
  Melee: Flail             |     2 |    22 |   132 |     3 ||   159
         Punch             |       |     2 |     2 |       ||     4
    Use: Potion            |     1 |       |     3 |       ||     4
 Armour: Scale mail        |       |     7 |     9 |       ||    16
         Leather armour    |       |       |    56 |       ||    56
  Dodge: Dodged            |     1 |     7 |    63 |     1 ||    72

Table legend: (Time is in decaauts)
 A = Elapsed time spent in this place.
 B = Non-inter-level travel time spent in this place.
 C = Inter-level travel time spent in this place.
 D = Time resting spent in this place.
 E = Time spent auto-exploring this place.
 F = Levels seen in this place.
 G = Mean time per level.
                   A        B        C        D        E       F      G
               +--------+--------+--------+--------+--------+-----+--------+
         Total |    621 |    621 |      0 |    261 |     37 |   1 |  621.0 |
       Dungeon |    621 |    621 |      0 |    261 |     37 |   1 |  621.0 |
               +--------+--------+--------+--------+--------+-----+--------+

Top non-repeatable levels by time:
       D: 621 daAuts
